 Dungeon Crawl Stone Soup version 0.30-a0-618-gd6c86c23d0 (webtiles) character file.

Game seed: 8127581384172772459

5912 Armakuni the Nimble (level 11, 84/84 HPs)
             Began as a Human Wanderer on Jan 9, 2023.
             Was an Initiate of Gozag.
             Quit the game on level 1 of the Lair of Beasts.
             The game lasted 00:20:13 (8433 turns).

Armakuni the Nimble (Human Wanderer)                Turns: 8433, Time: 00:20:14

Health: 84/84      AC: 10    Str: 13    XL:     11   Next: 8%
Magic:  14/14      EV: 16    Int: 13    God:    Gozag
Gold:   552        SH:  5    Dex: 22    Spells: 12/14 levels left

rFire   . . .      SeeInvis +    a - +7 captain's cutlass {speed, disarm}
rCold   . . .      Faith    .    (no shield)
rNeg    . . .      Spirit   .    L - +0 swamp dragon scales
rPois   +          Reflect  +    (no helmet)
rElec   .          Harm     .    (no cloak)
rCorr   .          Rampage  .    (no gloves)
Will    .....                    u - +0 pair of boots
Stlth   ++                       H - amulet of reflection
HPRegen 0.34/turn                I - ring of see invisible
MPRegen 0.14/turn                D - +6 ring of dexterity

@: no status effects
A: no striking features
a: Renounce Religion, Potion Petition, Call Merchant, Bribe Branch


You were on level 1 of the Lair of Beasts.
You worshipped Gozag.
Gozag was pleased with you.
You visited 3 branches of the dungeon, and saw 10 of its levels.
You also visited: Sewer.

You collected 1132 gold pieces.
You paid 580 gold pieces to Gozag.

Inventory:

Hand Weapons
 a - the +7 captain's cutlass (weapon) {speed, disarm}
   (You found it on level 4 of the Dungeon)

   It may disarm weapon-wielding foes when striking them, dealing extra damage
   in the process.
 b - a +0 scimitar of flaming
Missiles
 h - 43 poisoned darts
 o - a throwing net (quivered)
 x - 3 curare-tipped darts
Armour
 u - a +0 pair of boots (worn)
 L - +0 swamp dragon scales (worn)
Jewellery
 D - a +6 ring of dexterity (right hand)
 H - an amulet of reflection (around neck)
 I - a ring of see invisible (left hand)
 W - a ring of wizardry
Wands
 m - a wand of mindburst (3)
 K - a wand of quicksilver (9)
 M - a wand of iceblast (4)
Scrolls
 c - a scroll of magic mapping
 e - a scroll of fog
 k - 2 scrolls of teleportation
 s - a scroll of amnesia {unknown}
 v - 3 scrolls of noise
 w - 2 scrolls of fear
 A - a scroll of enchant armour
 C - 3 scrolls of enchant weapon
 F - 2 scrolls of immolation
 X - a scroll of brand weapon
Potions
 d - 4 potions of attraction
 f - a potion of brilliance
 g - 2 potions of lignification
 i - a potion of berserk rage {unknown}
 j - 2 potions of ambrosia {unknown}
 l - 6 potions of mutation
 n - a potion of flight {unknown}
 p - 2 potions of cancellation {unknown}
 q - 3 potions of curing {unknown}
 r - 4 potions of heal wounds {unknown}
 t - 4 potions of degeneration {unknown}
 y - 3 potions of invisibility
 z - 2 potions of might {unknown}
 E - 4 potions of haste {unknown}
 G - a potion of resistance {unknown}
 J - 3 potions of magic {unknown}


   Skills:
 + Level 7.6 Fighting
 - Level 6.9(8.0) Short Blades
 - Level 6.1(7.5) Long Blades
 - Level 3.0 Throwing
 - Level 5.5 Armour
 - Level 8.7 Dodging
 - Level 3.0 Stealth
 - Level 2.0 Spellcasting
 - Level 1.0 Poison Magic


You had 12 spell levels left.
You knew the following spells:

 Your Spells              Type           Power      Damage    Failure   Level
w - Wereblood             Tmut           1%         N/A       58%         2

Your spell library contained the following spells:

 Spells                   Type           Power      Damage    Failure   Level
 Apportation              Tloc           2%         N/A       45%         1
 Necrotise                Necr           4%         1d4       45%         1
 Summon Small Mammal      Summ           4%         N/A       45%         1
 Poisonous Vapours        Pois/Air       4%         N/A       52%         2
 Cigotuvi's Dreadful Rot  Necr/Pois/Air  4%         N/A       54%         2
 Sublimation of Blood     Necr           1%         N/A       58%         2
 Dazzling Flash           Conj/Hex       2%         N/A       83%         3
 Gell's Gravitas          Tloc           1%         N/A       83%         3
 Kindle Blastsparks       Fire/Tloc/Air  2%         2d10      83%         3
 Lesser Beckoning         Tloc           2%         N/A       83%         3
 Teleport Other           Tloc           1%         N/A       83%         3
 Fulminant Prism          Conj/Hex       0%         3d5       99%         4
 Iskenderun's Mystic Bla  Conj/Tloc      1%         2d3       99%         4
 Lee's Rapid Deconstruct  Erth           0%         3d4*      100%        5
 Starburst                Conj/Fire      0%         6d3       100%        6
 Summon Hydra             Summ           0%         N/A       100%        7


Dungeon Overview and Level Annotations

Branches:
Dungeon (8/15)             Temple (1/1) D:4            Lair (1/5) D:8
  Sewer (visited)

Altars:
Ashenzari
Cheibriados
Dithmenos
Elyvilon
Fedhas
Gozag
Hepliaklqana
Kikubaaqudgha
Makhleb
Nemelex Xobeh
Okawaru
Qazlal
Sif Muna
Trog
Vehumet
Wu Jian
Xom
Yredelemnul
Zin
The Shining One

Shops:
D:6 ?   D:8 (   Lair:1 :


Message History

Okay, then.
Things that are here:
a +3 mace; a +0 robe You open the door.
There is an open door here.
You now have 1020 gold pieces (gained 14).
z - 2 puce potions (gained 1)
You open the door.
There is an open door here.
t - 4 fuming emerald potions (gained 1)
You open the door.
You now have 1035 gold pieces (gained 15).
s - a scroll labelled REOSOXTIXY You see here a +0 chain mail.
Search for what [Enter for "shop", or ? for help]? , Search for what [Enter for ",", or ? for help]? .
Unknown command.
You see here a +0 scimitar.
You see here a +0 chain mail.
You see here a +0 scimitar.
You can't go down here!
There is a staircase to the Lair here.
You climb downwards.
Welcome to the Lair of Beasts!
There is a staircase back to the Dungeon here.
Found 24 gold pieces.
Okay, then.
Unknown command.
Adjust (i)tems, (s)pells, or (a)bilities?
Adjust which ability? b - Call Merchant Adjust to which letter? c - Call Merchant [a] 505 gold - Ewuor's Antique Armour Emporium [b] 676 gold - Mofrid's General Store [c] 483 gold - Osetwegusm's Book Shoppe Fund which merchant?
You no longer have enough gold to fund merchants seeking to open stores in the dungeon.
Osetwegusm invites you to visit their Book Shoppe.
There is a staircase back to the Dungeon here.
Are you sure you want to abandon this character and quit the game? (Confirm with "yes".)

#..# ######...
#.......###
#.#....... #
........ ##.#
P....$#
.....#.#...#
#....##..#
#....@∩..#
#.#.#..#.......
........#####
#.#.....###
#.#...# #......
#.#.... .##...~


There were no monsters in sight!

Vanquished Creatures
  A two-headed ogre (D:8)
  A rime drake (D:8)
  Maggie (D:7)
  Grinder (Sewer)
  Sigmund (D:3)
  A steam dragon (D:6)
  3 water moccasins
  7 ice beasts
  An orc warrior (D:8)
  A black bear (D:7)
  3 ogres
  4 wolves
  3 centaurs
  A phantom (Sewer)
  3 kobold brigands
  2 bullfrogs
  A gnoll sergeant (D:5)
  A scorpion (D:4)
  4 necrophages
  9 wights (D:8)
  3 howler monkeys (D:7)
  3 orc priests
  4 jellies
  A gnoll bouda (D:7)
  2 hounds
  8 iguanas
  5 orc wizards
  8 gnolls
  10 adders
  6 shadow imps
  3 white imps
  3 ufetubi
  3 worms
  10 dart slugs
  20 orcs
  10 bats
  12 endoplasms
  6 giant cockroaches
  7 hobgoblins
  9 jackals
  5 quokkas
  8 ball pythons
  4 frilled lizards
  A giant cockroach zombie (Sewer)
  7 goblins
  31 kobolds
  8 rats
246 creatures vanquished.

Notes
Turn   | Place    | Note
-------+----------+-------------------------------------------
     0 | D:1      | Armakuni the Human Wanderer began the quest for the Orb.
     0 | D:1      | Armakuni set off with the following items: a +2 dagger, 2
                  | curare-tipped darts, a +0 pair of boots, a potion of
                  | attraction, a +0 robe; and the following spells available
                  | to memorise: Poisonous Vapours, Cigotuvi's Dreadful Rot.
     0 | D:1      | Reached XP level 1. HP: 15/15 MP: 3/3
    74 | D:1      | Reached skill level 1 in Short Blades
   218 | D:1      | Reached XP level 2. HP: 21/21 MP: 5/5
   222 | D:1      | Reached skill level 1 in Long Blades
   484 | D:1      | Reached XP level 3. HP: 18/26 MP: 6/6
  1190 | D:2      | Reached XP level 4. HP: 32/32 MP: 7/7
  1396 | D:2      | Learned a level 2 spell: Wereblood
  1830 | D:2      | Reached XP level 5. HP: 12/37 MP: 8/8
  2269 | D:3      | Found a hazy altar of Hepliaklqana.
  2312 | D:3      | Found a snail-covered altar of Cheibriados.
  2573 | D:3      | Noticed Sigmund
  2578 | D:3      | Killed Sigmund
  2579 | D:3      | Reached skill level 5 in Long Blades
  2579 | D:3      | Reached XP level 6. HP: 43/43 MP: 9/9
  3354 | D:4      | Found the +7 captain's cutlass {speed, disarm}
  3392 | D:4      | Reached XP level 7. HP: 20/48 MP: 5/10
  3922 | D:4      | You fall into a shaft and drop 1 floor!
  3922 | D:5      | Entered Level 5 of the Dungeon
  3927 | D:5      | Found a shadowy altar of Dithmenos.
  4086 | D:5      | Found a sparkling altar of Nemelex Xobeh.
  4092 | D:5      | Found a white marble altar of Elyvilon.
  4095 | D:5      | Found a radiant altar of Vehumet.
  4095 | D:5      | Found a glowing golden altar of the Shining One.
  4126 | D:5      | Reached skill level 5 in Short Blades
  4126 | D:5      | Reached XP level 8. HP: 31/54 MP: 11/11
  4128 | D:5      | Found an iron altar of Okawaru.
  4174 | D:5      | Found a glowing drain.
  4216 | Sewer    | Entered a sewer
  4302 | Sewer    | Found an ancient bone altar of Kikubaaqudgha.
  4499 | Sewer    | Noticed Grinder
  4515 | Sewer    | Paralysed by Grinder for 4 turns
  4524 | Sewer    | Killed Grinder
  4525 | Sewer    | Reached skill level 2 in Dodging
  4827 | D:5      | Reached XP level 9. HP: 64/64 MP: 12/12
  4834 | D:5      | Reached skill level 3 in Dodging
  5191 | D:4      | Reached skill level 4 in Dodging
  5256 | D:4      | Found a staircase to the Ecumenical Temple.
  5405 | Temple   | Entered the Ecumenical Temple
  5440 | Temple   | Became a worshipper of Gozag Ym Sagoz the Greedy
  5582 | D:6      | Reached skill level 5 in Fighting
  5781 | D:6      | Found Wucoi's Magic Scroll Shoppe.
  5796 | D:6      | Identified the +6 dagger of Manerien {holy, Int+5}
  5800 | D:6      | Reached skill level 5 in Dodging
  6366 | D:7      | Noticed Maggie
  6411 | D:7      | Killed Maggie
  6412 | D:7      | Reached skill level 6 in Dodging
  6549 | D:7      | Reached XP level 10. HP: 76/76 MP: 13/13
  6564 | D:7      | Reached skill level 1 in Armour
  6676 | D:7      | Reached skill level 7 in Dodging
  7216 | D:8      | Noticed a two-headed ogre
  7231 | D:8      | Killed a two-headed ogre
  7232 | D:8      | Reached skill level 8 in Dodging
  7341 | D:8      | Noticed a rime drake
  7485 | D:7      | Reached skill level 5 in Armour
  7616 | D:8      | Found Videz's Antique Weapon Emporium.
  7697 | D:8      | HP: 2/76 [ice beast (14)]
  8005 | D:8      | Killed a rime drake
  8049 | D:8      | Reached XP level 11. HP: 65/82 MP: 14/14
  8049 | D:8      | Found a staircase to the Lair.
  8427 | Lair:1   | Entered Level 1 of the Lair of Beasts
  8433 | Lair:1   | Quit the game

Illustrated notes

Levels and vault maps discovered:
D:1:      roderic_crossed_star, layout_loops_corners,
          amcnicky_mini_rare_corridor_liquid
D:2:      layout_loops_cross, minmay_joined_circles
D:3:      layout_basic, mainiacjoe_overflow_brackets, kennysheep_slug_shrine,
          uniq_sigmund
D:4:      minmay_chambers_of_fours, layout_basic, minmay_temple_entry_ruins,
          minmay_pentangle
D:5:      layout_basic, overflow_temple_1_default,
          nicolae_overflow_hallway_of_the_gods, cheibrodos_sewer_entry_drain
D:6:      layout_gridville, serial_shops, nicolae_diamond_shop,
          due_unseen_surprise
D:7:      layout_basic, serial_corexii_hall, corexii_hall_statues_t,
          corexii_hall_statues_i, corexii_hall_statues_x,
          corexii_hall_statues_s, roderic_roman_lattice, uniq_maggie
D:8:      layout_cave_pools, hellmonk_lair_entry_icy, serial_shops,
          kennysheep_mini, serial_bayou_pond_d, dk_noncrumbling_2
Temple:   nicolae_temple_ecumenical_triangle
Lair:1:   layout_loops_ring, gammafunk_ghost_arena, infiniplex_staircase_pool_2,
          lemuel_fruit_tree

Skill      XL: |  1  2  3  4  5  6  7  8  9 10 11 |
---------------+----------------------------------+-----
Short Blades   | 1 2 5 6 |  6.9
Long Blades    | 2 3 5 6 |  6.1
Fighting       | 3 6 7 |  7.6
Dodging        | 2 6 8 |  8.7
Armour         | 5 |  5.5
Throwing       | |  3.0
Stealth        | |  3.0
Spellcasting   | |  2.0
Poison Magic   | |  1.0

Action                   |  1- 3 |  4- 6 |  7- 9 | 10-12 || total
-------------------------+-------+-------+-------+-------++-------
Melee: Dagger            |   116 |   193 |     1 |       ||   310
       Punch             |       |     1 |     4 |     3 ||     8
       Cutlass           |       |       |   252 |   228 ||   480
Throw: Throwing net      |       |     2 |     1 |       ||     3
       Dart              |       |     2 |       |       ||     2
Invok: Call Merchant     |       |       |       |     1 ||     1
Evoke: Wand              |       |       |       |     7 ||     7
  Use: Scroll            |     4 |     3 |     8 |     2 ||    17
       Potion            |       |     1 |       |       ||     1
 Stab: Sleeping          |     5 |    11 |    21 |       ||    37
       Invisible         |       |     1 |       |       ||     1
       Held in net/web   |       |       |     1 |       ||     1
       Distracted        |       |       |     1 |     1 ||     2
Armor: Robe              |    37 |    40 |    24 |       ||   101
       Swamp dragon scal |       |       |       |    35 ||    35
Dodge: Dodged            |    64 |    87 |    81 |    89 ||   321
Block: Other             |       |       |    30 |    29 ||    59
       Reflection        |       |       |     1 |     1 ||     2

Table legend: (Time is in decaauts)
 A = Elapsed time spent in this place.
 B = Non-inter-level travel time spent in this place.
 C = Inter-level travel time spent in this place.
 D = Time resting spent in this place.
 E = Time spent auto-exploring this place.
 F = Levels seen in this place.
 G = Mean time per level.
                   A        B        C        D        E       F      G
               +--------+--------+--------+--------+--------+-----+--------+
         Total |   8185 |   7907 |    278 |    932 |   4788 |  11 |  744.1 |
       Dungeon |   7676 |   7402 |    274 |    932 |   4480 |   8 |  959.5 |
        Temple |     58 |     54 |      4 |      0 |     24 |   1 |   58.0 |
          Lair |      5 |      5 |      0 |      0 |      0 |   1 |    5.0 |
         Sewer |    445 |    445 |      0 |      0 |    284 |   1 |  445.0 |
               +--------+--------+--------+--------+--------+-----+--------+

Top non-repeatable levels by time:
     D:7: 1324 daAuts
     D:2: 1106 daAuts
     D:3: 1087 daAuts
     D:1: 1066 daAuts
     D:4: 905 daAuts
     D:6: 799 daAuts
     D:5: 718 daAuts
     D:8: 668 daAuts
   Sewer: 445 daAuts
  Temple: 58 daAuts
  Lair:1: 5 daAuts
